 Dungeon Crawl Stone Soup version 0.21.1-1-g345015f (webtiles) character file.

6632 buskinjo2 the Basher (level 11, -3/67 HPs)
             Began as an Octopode Fighter on Mar 2, 2018.
             Was an Initiate of Gozag.
             Killed from afar by Erolcha (45 damage)
             ... with a crystal spear
             ... on level 9 of the Dungeon.
             The game lasted 00:42:52 (10612 turns).

buskinjo2 the Basher (Octopode Fighter)            Turns: 10612, Time: 00:42:55

Health: -3/67      AC:  1    Str: 19    XL:     11   Next: 2%
Magic:  15/15      EV: 12    Int: 11    God:    Gozag
Gold:   129        SH: 18    Dex: 11    Spells: 10/10 levels left

rFire    + . .     SeeInvis +   w - +10 mace of the Shore {vamp, rF+ rC- MR+ SInv}
rCold    x . .     Gourm    .   h - +5 shield
rNeg     + . .     Faith    .   (helmet restricted)
rPois    .         Spirit   .   f - +4 amulet of reflection
rElec    .         Reflect  +   B - ring of Otitoqoiggyg {rN+ MR+ Stlth+}
rCorr    .         Harm     .   (no ring)
MR       ++...                  (no ring)
Stlth    ++++++....             (no ring)
HPRegen  0.21/turn              (no ring)
MPRegen  0.14/turn              (no ring)
                                (no ring)
                                (no ring)

@: no status effects
A: almost no armour, stealthy swim, amphibious, 8 rings, constrict 8, camouflage
1, gelatinous body 1
a: Potion Petition, Call Merchant, Bribe Branch, Renounce Religion


You were on level 9 of the Dungeon.
You worshipped Gozag.
Gozag was aware of your devotion.
You were hungry.

You visited 2 branches of the dungeon, and saw 11 of its levels.
You also visited: Bailey.

You collected 1101 gold pieces.
You spent 343 gold pieces at shops.
You paid 629 gold pieces to Gozag.

Inventory:

Hand Weapons
 a - a +0 flail
 b - a +0 hunting sling
 w - the +10 mace of the Shore (weapon) {vamp, rF+ rC- MR+ SInv}
   (You found it on level 8 of the Dungeon)

   It inflicts no extra harm, but heals its wielder when it wounds a living foe.
   It protects you from fire.
   It makes you vulnerable to cold.
   It affects your resistance to hostile enchantments.
   It lets you see invisible.
Missiles
 i - 224 stones
 j - a throwing net (quivered)
 q - 6 javelins of returning
Armour
 h - a +5 shield (worn)
Jewellery
 f - a +4 amulet of reflection (around mantle)
 B - the ring of Otitoqoiggyg (left tentacle) {rN+ MR+ Stlth+}
   (You bought it in a shop on level 10 of the Dungeon)

   [ring of stealth]

   It protects you from negative energy.
   It affects your resistance to hostile enchantments.
   It makes you more stealthy.
Wands
 g - a wand of scattershot (1)
 l - a wand of flame (2)
 x - a wand of polymorph (15)
 A - a wand of enslavement (12)
Scrolls
 m - 2 scrolls of fog
 o - a scroll of identify
 p - 3 scrolls of immolation
 r - a scroll of remove curse
 s - 2 scrolls of fear
 u - 5 scrolls of teleportation
 v - 2 scrolls of blinking
 y - a scroll of enchant weapon
Potions
 c - a potion of might
 e - 5 potions of curing
 k - 2 potions of agility
 n - 2 potions of flight
 t - 3 potions of haste
 z - a potion of brilliance
Comestibles
 d - 10 rations


   Skills:
 - Level 3.0 Fighting
 + Level 12.8 Maces & Flails
 - Level 3.0 Dodging
 - Level 9.5 Stealth
 - Level 5.1 Shields
 - Level 6.4 Evocations


You had 10 spell levels left.
You didn't know any spells.

Dungeon Overview and Level Annotations

Branches:
Dungeon (10/15)            Temple (1/1) D:6            Lair (0/6) D:9
    Orc: D:9-12

Altars:
Ashenzari
Cheibriados
Dithmenos
Elyvilon
Fedhas
Gozag
Hepliaklqana
Kikubaaqudgha
Makhleb
Nemelex Xobeh
Okawaru
Qazlal
Ru
Sif Muna
Trog
Uskayaw
Vehumet
Wu Jian
Xom
Yredelemnul
Zin
The Shining One

Shops:
D:10 =

Annotations:
D:3 Purgy
D:5 Setanta's ghost, novice GnWn
D:7 exclusions: downstairs and statue
D:9 Erolcha


Innate Abilities, Weirdness & Mutations

You cannot wear most types of armour.
You are very stealthy in the water. (Stealth+)
You are amphibious.
You can wear up to eight rings at the same time.
You can use your tentacles to constrict eight enemies at once.
Your skin changes colour to match your surroundings (Stealth+).
Your rubbery body absorbs attacks. (AC +1, EV +1)


Message History

Erolcha mumbles some strange words.
Erolcha seems to speed up.
You sock Erolcha!
Erolcha is heavily wounded.
Erolcha hits you with an enchanted giant club!!
You closely miss Erolcha. You squeeze Erolcha, but do no damage.
Erolcha is heavily wounded.
Erolcha growls.
Erolcha hits you but does no damage.
You completely miss Erolcha. You squeeze Erolcha.
Erolcha is heavily wounded.
Erolcha growls.
You block Erolcha's attack.
You hit Erolcha. You squeeze Erolcha.
Erolcha is severely wounded.
Erolcha points at you and mumbles some strange words.
The crystal spear hits you!
Ouch! That really hurt!
You die...
Your body crumbles into a pile of gold.

####### .......
############# .......
#....)......# .......##
#..O@<......#
...O....###...........#
.≈........#..^........#
....≈≈..#.............#
≈≈≈≈≈...###........[..#
≈≈≈≈≈.≈.# #...........#
≈≈≈≈5.(.# ####.########
≈≈h≈≈≈≈≈# #........#
.≈.≈≈≈≈≈# ##########'##


You could see Erolcha.

Vanquished Creatures
  A two-headed ogre (D:8)
  Erica (D:8)
  5 slime creatures (D:9)
  A hippogriff (D:9)
  A hungry ghost (D:7)
  Eustachio (D:4)
  The ghost of Setanta the Magician, an amateur DsFE (D:3)
  An ice beast (D:5)
  Duvessa (D:4)
  A phantom (D:8)
  2 orc warriors
  3 sky beasts
  2 black bears (D:8)
  3 ogres
  2 wolves
  3 centaurs
  A big kobold (D:7)
  4 bullfrogs
  Dowan (D:4)
  A wyvern skeleton (D:8)
  4 scorpions
  6 wights
  3 crimson imps
  A centaur zombie (D:7)
  A bullfrog zombie (D:4)
  2 jellies
  4 hounds
  4 orc priests
  5 orc wizards
  A centaur skeleton (D:4)
  An iguana (D:8)
  3 bullfrog skeletons
  Ijyb (D:4)
  4 worker ants
  Natasha (twice) (D:3)
  3 gnolls (D:3)
  7 adders
  A shadow imp (D:7)
  An ooze (D:3)
  2 adder skeletons
  2 worms
  4 leopard geckos
  23 orcs
  A ball python (D:1)
  5 bats
  2 giant cockroaches
  10 goblins
  9 hobgoblins
  6 jackals
  3 quokkas
  3 frilled lizards
  A jackal skeleton (D:8)
  A jackal zombie (D:6)
  6 kobolds
  4 rats
172 creatures vanquished.

Vanquished Creatures (collateral kills)
  A deep elf mage (D:9)
  A hungry ghost (D:9)
  A wolf (D:9)
  2 hounds (D:9)
5 creatures vanquished.

Vanquished Creatures (others)
  2 wights (D:6)
  An adder (D:6)
  2 orcs
5 creatures vanquished.

Grand Total: 182 creatures vanquished

Notes
Turn   | Place    | Note
-------+----------+-------------------------------------------
     0 | D:1      | buskinjo2 the Octopode Fighter began the quest for the Orb.
     0 | D:1      | Reached XP level 1. HP: 16/16 MP: 1/1
    83 | D:1      | Reached XP level 2. HP: 18/21 MP: 2/2
   258 | D:1      | Reached skill level 3 in Maces & Flails
  1117 | D:2      | Reached XP level 3. HP: 18/26 MP: 3/3
  1385 | D:2      | Noticed a scorpion
  1395 | D:2      | Killed a scorpion
  1395 | D:2      | Reached skill level 4 in Maces & Flails
  1395 | D:2      | Reached XP level 4. HP: 5/31 MP: 4/4
  2119 | D:3      | Reached skill level 5 in Maces & Flails
  2119 | D:3      | Reached XP level 5. HP: 27/36 MP: 5/5
  2210 | D:3      | Noticed Setanta's ghost (amateur DsFE)
  2217 | D:3      | HP: 1/36 [Setanta's ghost/flame tongue (15)]
  2219 | D:3      | Killed Setanta's ghost
  2219 | D:3      | Reached skill level 6 in Maces & Flails
  2219 | D:3      | Reached XP level 6. HP: 1/42 MP: 6/6
  2532 | D:3      | Noticed Purgy
  2787 | D:3      | Noticed Natasha
  2795 | D:3      | Killed Natasha
  3083 | D:3      | Noticed Natasha
  3090 | D:3      | Killed Natasha
  3090 | D:3      | Reached skill level 7 in Maces & Flails
  3247 | D:4      | Reached XP level 7. HP: 40/46 MP: 7/7
  3900 | D:4      | Noticed Duvessa
  3913 | D:4      | Killed Duvessa
  3920 | D:4      | Noticed Dowan
  3928 | D:4      | Killed Dowan
  3928 | D:4      | Reached skill level 8 in Maces & Flails
  4306 | D:4      | Reached skill level 9 in Maces & Flails
  4306 | D:4      | Reached XP level 8. HP: 42/52 MP: 8/8
  4603 | D:4      | Noticed Ijyb
  4608 | D:4      | Killed Ijyb
  4652 | D:4      | Noticed Eustachio
  4666 | D:4      | Killed Eustachio
  5091 | D:4      | Reached skill level 10 in Maces & Flails
  5178 | D:5      | Entered Level 5 of the Dungeon
  5730 | D:5      | Noticed Setanta's ghost (novice GnWn)
  5791 | D:5      | Reached skill level 5 in Shields
  6598 | D:6      | Found a staircase to the Ecumenical Temple.
  6608 | D:6      | Reached XP level 9. HP: 56/56 MP: 9/9
  6667 | D:6      | Reached skill level 5 in Stealth
  6684 | Temple   | Entered the Ecumenical Temple
  6691 | Temple   | Became a worshipper of Gozag Ym Sagoz the Greedy
  6956 | D:6      | Found a bloodstained altar of Trog.
  7373 | D:7      | Found a flagged portal.
  7422 | Bailey   | Entered a bailey
  7422 | Bailey   | Noticed an orc knight
  7426 | Bailey   | Noticed an orc knight
  7428 | Bailey   | Noticed an orc knight
  7961 | D:7      | Found a radiant altar of Vehumet.
  8645 | D:7      | Reached skill level 11 in Maces & Flails
  8821 | D:8      | Got a crystal mace
  8822 | D:8      | Identified the +10 mace of the Shore {vamp, rF+ rC- MR+ SInv} (You found it on level 8 of the Dungeon)
  8953 | D:8      | Noticed a two-headed ogre
  9184 | D:8      | Found an iron altar of Okawaru.
  9211 | D:8      | Reached skill level 12 in Maces & Flails
  9218 | D:8      | Noticed a two-headed ogre
  9286 | D:8      | Reached XP level 10. HP: 57/63 MP: 10/10
  9330 | D:8      | Found a snail-covered altar of Cheibriados.
  9332 | D:8      | Found a shimmering altar of Xom.
  9332 | D:8      | Found a basalt altar of Yredelemnul.
  9438 | D:8      | Found a hide-covered altar of Uskayaw.
  9611 | D:8      | Killed a two-headed ogre
  9720 | D:8      | Reached skill level 5 in Evocations
  9783 | D:8      | Found a hazy altar of Hepliaklqana.
 10043 | D:10     | Entered Level 10 of the Dungeon
 10066 | D:10     | Bought the ring of Otitoqoiggyg {rN+ MR+ Stlth+} for 343 gold pieces
 10079 | D:9      | Noticed a two-headed ogre
 10079 | D:9      | Noticed a two-headed ogre
 10115 | D:9      | Noticed a deep elf mage
 10147 | D:9      | Killed a deep elf mage
 10541 | D:9      | Found a staircase to the Lair.
 10546 | D:9      | Noticed Erolcha
 10557 | D:8      | Noticed Erica
 10564 | D:8      | Killed Erica
 10564 | D:8      | Reached XP level 11. HP: 67/67 MP: 15/15
 10612 | D:9      | Killed from afar by Erolcha

Skill      XL: |  1  2  3  4  5  6  7  8  9 10 |
---------------+-------------------------------+-----
Maces & Flails | 3 4 5 6 7 9 10 12 | 12.8
Shields        | 5 |  5.1
Stealth        | 4 6 9 |  9.5
Evocations     | 6 |  6.4
Fighting       | |  3.0
Dodging        | |  3.0

Action                   |  1- 3 |  4- 6 |  7- 9 | 10-12 || total
-------------------------+-------+-------+-------+-------++-------
Melee: Flail             |    50 |    66 |   228 |       ||   344
       Constrict         |    15 |    13 |    47 |     9 ||    84
       Tentacles         |    10 |    18 |    62 |    32 ||   122
       Mace              |       |       |    61 |    99 ||   160
 Fire: Hunting sling     |    12 |    11 |       |       ||    23
Throw: Throwing net      |       |       |       |     1 ||     1
Invok: Call Merchant     |       |       |       |     1 ||     1
Evoke: Wand              |       |       |    27 |     5 ||    32
  Use: Scroll            |     1 |     7 |    12 |     2 ||    22
       Potion            |       |     2 |     1 |     1 ||     4
 Stab: Sleeping          |     2 |       |     6 |     3 ||    11
  Eat: Chunk             |     1 |     6 |     8 |       ||    15
       Ration            |       |       |     6 |     1 ||     7
Armor: Skin              |     2 |     1 |     5 |     1 ||     9
Dodge: Dodged            |    18 |    17 |    56 |    23 ||   114
Block: Shield            |    18 |    29 |   165 |    78 ||   290
       Reflection        |       |     3 |     6 |     2 ||    11
